 Dungeon Crawl Stone Soup version 0.24.1 (webtiles) character file.

Game seed: 2640556235730910048, levelgen mode: deterministic

56 Stormleaks the Sneak (level 3, -3/24 HPs)
             Began as an Octopode Assassin on Apr 3, 2020.
             Slain by a gnoll
             ... wielding a +2 flail of holy wrath
              (12 damage)
             ... on level 2 of the Dungeon.
             The game lasted 00:03:58 (535 turns).

Stormleaks the Sneak (Octopode Assassin)             Turns: 535, Time: 00:03:59

Health: -3/24      AC:  1    Str: 10    XL:     3   Next: 95%
Magic:  3/3        EV: 13    Int: 13    God:
Gold:   39         SH:  0    Dex: 14    Spells: 2/2 levels left

rFire    . . .     SeeInvis .   a - +2 dagger
rCold    . . .     Gourm    .   (no shield)
rNeg     . . .     Faith    .   (helmet restricted)
rPois    .         Spirit   .   (no amulet)
rElec    .         Reflect  .   (no ring)
rCorr    .         Harm     .   (no ring)
MR       .....                  (no ring)
Stlth    ++++......             (no ring)
HPRegen  0.08/turn              (no ring)
MPRegen  0.08/turn              (no ring)
                                (no ring)
                                (no ring)

@: no status effects
A: almost no armour, stealthy swim, amphibious, 8 rings, constrict 8, camouflage
1, gelatinous body 1
a: no special abilities


You were on level 2 of the Dungeon.
You were not hungry.

You visited 1 branch of the dungeon, and saw 2 of its levels.

You collected 39 gold pieces.

Inventory:

Hand Weapons
 a - a +2 dagger (weapon)
 e - a +0 short sword
Missiles
 b - 8 poisoned darts (quivered)
 c - 2 curare-tipped darts
 j - 19 arrows
Scrolls
 f - a scroll of teleportation {unknown}
 g - 2 scrolls of identify {unknown}
 h - a scroll of noise {unknown}
 i - a scroll of enchant armour {unknown}
 k - a scroll of remove curse {unknown}
Comestibles
 d - 4 rations


   Skills:
 + Level 2.2 Fighting
 + Level 2.2 Short Blades
 + Level 2.2 Throwing
 + Level 1.1 Dodging
 + Level 6.9 Stealth


You had 2 spell levels left.
You didn't know any spells.
Your spell library was empty.

Dungeon Overview and Level Annotations

Branches:
Dungeon (2/15)

Altars:
Vehumet


Innate Abilities, Weirdness & Mutations

You cannot wear most types of armour.
You are very stealthy in the water. (Stealth+)
You are amphibious.
You can wear up to eight rings at the same time.
You can use your tentacles to constrict eight enemies at once.
Your skin changes colour to match your surroundings (Stealth+).
Your rubbery body absorbs attacks. (AC +1, EV +1)


Message History

The gnoll hits you with a +2 flail of holy wrath.
You see here a gnoll corpse.
The gnoll misses you.
You hit the gnoll. Your grab misses the gnoll.
The gnoll is lightly wounded.
You hit the gnoll but do no damage. Your grab misses the gnoll.
The gnoll is lightly wounded.
The gnoll barely misses you.
You hit the gnoll but do no damage. You grab the gnoll.
The gnoll is lightly wounded.
You constrict the gnoll. The gnoll barely misses you.
You hit the gnoll.
The gnoll is heavily wounded.
You constrict the gnoll, but do no damage.
You hit the gnoll but do no damage. You squeeze the gnoll.
The gnoll is severely wounded.
You constrict the gnoll, but do no damage.
The gnoll hits you with a +2 flail of holy wrath!
Ouch! That really hurt!
You die...

#.###.## ##'## # #.#
#.# ##...##
#.##.###.# ##.....#
#........# ##.......
####.#...####........
#........+........
####.#...####........
##..†g†..## ##.......
#....@...# ##.....#
#..##....# ##...##
#.. ##...# ##'## #.
....# #.# # #.#.# #.#
....# ##.## #.###
##...## .# #.....#
##..)##


You could see a gnoll.

Vanquished Creatures
  2 gnolls (D:2)
  An adder (D:2)
  A worm (D:2)
  A leopard gecko (D:2)
  A giant cockroach (D:1)
  2 goblins
  4 hobgoblins
  3 jackals (D:2)
  A kobold (D:1)
  A bat (D:1)
  3 frilled lizards (D:2)
  3 rats
23 creatures vanquished.

Notes
Turn   | Place    | Note
-------+----------+-------------------------------------------
     0 | D:1      | Stormleaks the Octopode Assassin began the quest for the
                  | Orb.
     0 | D:1      | Reached XP level 1. HP: 14/14 MP: 1/1
   279 | D:1      | Reached XP level 2. HP: 19/19 MP: 2/2
   408 | D:2      | Found a radiant altar of Vehumet.
   417 | D:2      | Reached skill level 6 in Stealth
   481 | D:2      | Reached XP level 3. HP: 22/24 MP: 3/3
   535 | D:2      | Slain by a gnoll

Levels and vault maps discovered:
D:1:      nagdon_arrival_double_spiral, layout_basic
D:2:      layout_loops_corners, fiery_altar_vehumet

Skill      XL: |  1  2 |
---------------+-------+-----
Stealth        | 6 |  6.9
Fighting       | |  2.2
Short Blades   | |  2.2
Throwing       | |  2.2
Dodging        | |  1.1

Action                   || total
-------------------------++-------
Melee: Dagger            ||    58
       Constrict         ||    16
       Tentacles         ||    10
 Stab: Sleeping          ||     5
Armor: Skin              ||     3
Dodge: Dodged            ||    26
